 Dungeon Crawl Stone Soup version 0.21-a0-238-geb0acef (webtiles) character file.

580 Herrn the Firebug (level 7, -9/62 HPs)
             Began as a Naga Fire Elementalist on Sept 2, 2017.
             Killed by divine providence
             ... invoked by an orc priest
              (15 damage)
             ... on level 4 of the Dungeon.
             The game lasted 00:11:34 (3625 turns).

Herrn the Firebug (Naga Fire Elementalist)          Turns: 3625, Time: 00:11:34

Health: -9/62      AC:  7    Str: 10    XL:     7   Next: 36%
Magic:  7/12       EV: 10    Int: 18    God:
Gold:   136        SH:  0    Dex: 14    Spells: 8/13 levels left

rFire    . . .     SeeInvis +   z - +2 war axe (flame)
rCold    . . .     Gourm    .   (no shield)
rNeg     . . .     Faith    .   a - +0 robe
rPois    +         Spirit   .   q - +0 helmet
rElec    .         Reflect  .   (no cloak)
rCorr    .         Harm     .   (no gloves)
MR       .....                  (no barding)
Stlth    ++........             g - amulet of rage
HPRegen  0.20/turn              d - +3 ring of protection
MPRegen  0.13/turn              n - +3 ring of intelligence

@: berserk cooldown, slowed, drained, very slow
A: see invisible, deformed body, poison resistance, slowness 2, slow metabolism
1, spit poison 1, AC +2
a: Spit Poison, Evoke Berserk Rage


You were on level 4 of the Dungeon.
You were not hungry.

You visited 1 branch of the dungeon, and saw 4 of its levels.

You collected 136 gold pieces.

Inventory:

Hand Weapons
 t - a +2 short sword of draining
 w - a +0 hand axe
 z - a +2 war axe of flaming (weapon)
Armour
 a - a +0 robe (worn)
 q - a +0 helmet (worn)
 u - a +4 scale mail of cold resistance
Jewellery
 d - a +3 ring of protection (left hand)
 f - an uncursed amulet of guardian spirit
 g - an amulet of rage (around neck)
 n - a +3 ring of intelligence (right hand)
 C - a cursed ring of magical power {unknown}
Wands
 A - a wand of polymorph (11/24)
Scrolls
 e - 2 scrolls of enchant armour {unknown}
 h - 6 scrolls of identify {unknown}
 i - a scroll of noise {unknown}
 k - a scroll of immolation {unknown}
 o - a scroll of enchant weapon {unknown}
 r - 5 scrolls of remove curse {unknown}
 v - a scroll of amnesia {unknown}
 y - a scroll of teleportation {unknown}
 B - a scroll of magic mapping {unknown}
Potions
 j - a potion of berserk rage
 l - a potion of haste {unknown}
 m - a potion of resistance {unknown}
 p - 2 potions of heal wounds {unknown}
 x - 2 potions of agility {unknown}
Books
 b - a book of Flames

   Spells                             Type                      Level
   a - Flame Tongue                   Conjuration/Fire             1
   b - Throw Flame                    Conjuration/Fire             2
   c - Conjure Flame                  Conjuration/Fire             3
   d - Inner Flame                    Hexes/Fire                   3
   e - Sticky Flame                   Conjuration/Fire             4
   f - Fireball                       Conjuration/Fire             5
Comestibles
 c - 2 bread rations
 s - a meat ration


   Skills:
 * Level 3.1(2.1) Fighting
 * Level 1.9(0.9) Axes
 + Level 2.3(1.4) Dodging
 - Level 3.3(2.4) Stealth
 + Level 3.9(2.9) Spellcasting
 + Level 3.0(2.1) Conjurations
 + Level 4.6(3.6) Fire Magic


You had 8 spell levels left.
You knew the following spells:

 Your Spells              Type           Power        Failure   Level  Hunger
a - Flame Tongue          Conj/Fire      ##...        4%          1    None
b - Sticky Flame          Conj/Fire      ##......     45%         4    ####...


Dungeon Overview and Level Annotations

Branches:
Dungeon (4/15)
 Temple: D:4-7

Altars:
Trog
Zin
The Shining One


Innate Abilities, Weirdness & Mutations

You cannot wear boots.
Your serpentine skin is tough. (AC +2)
You have supernaturally acute eyesight. (SInv)
Armour fits poorly on your strangely shaped body.
Your system is resistant to poisons. (rPois)
You cover ground very slowly.
You have a slow metabolism.
You can spit poison.


Message History

You closely miss the worker ant. The worker ant bites you.
* * * LOW HITPOINT WARNING * * *
The worker ant barely misses you.
You closely miss the worker ant.
You are no longer berserk.
You are exhausted.
You feel yourself slow down. The worker ant closely misses you.
A frilled lizard and an orc wizard come into view.
You barely miss the worker ant.
The worker ant bites you but does no damage.
The worker ant bites you.
* * * LOW HITPOINT WARNING * * *
The worker ant barely misses you.
An orc priest comes into view. It is wielding a flail.
You slash the worker ant! You burn the worker ant.
The worker ant is almost dead.
The worker ant bites you but does no damage.
The orc priest calls down the wrath of Beogh upon you.
Beogh smites you!
You die...

....#...#...........
............#..Z...
....#.o.#.#h.......
...$..........#
.o.... #.#...#
#.#.###.....####.
#..ol............
###a###..........
#@# #..##.###.. ###
#...#.#
##########...# #
.......<.#...#.##
..................
.........#...#....
..................
...........#......
.....#####.#......


You could see a worker ant, an orc priest, an orc wizard, an orc and a frilled
lizard.

Vanquished Creatures
  Sigmund (D:2)
  A scorpion (D:4)
  A howler monkey (D:4)
  A centaur skeleton (D:4)
  2 orc wizards (D:3)
  Ijyb (D:3)
  Terence (D:3)
  Robin (D:1)
  8 adders
  2 oozes
  3 worms (D:3)
  A dart slug (D:1)
  2 leopard geckos (D:3)
  15 orcs (D:3)
  A ball python (D:2)
  7 bats
  6 giant cockroaches
  6 hobgoblins
  3 jackals (D:1)
  5 kobolds
  A quokka (D:1)
  2 frilled lizards
  11 goblins
  16 rats
98 creatures vanquished.

Notes
Turn   | Place    | Note
-------+----------+-------------------------------------------
     0 | D:1      | Herrn the Naga Fire Elementalist began the quest for the Orb.
     0 | D:1      | Reached XP level 1. HP: 15/15 MP: 3/3
   150 | D:1      | Reached XP level 2. HP: 22/22 MP: 1/5
   896 | D:1      | Reached XP level 3. HP: 28/28 MP: 4/6
  1261 | D:2      | Found a glowing golden altar of the Shining One.
  1350 | D:2      | Noticed Robin
  1381 | D:1      | Killed Robin
  1381 | D:1      | Reached XP level 4. HP: 21/37 MP: 0/7
  1446 | D:2      | Reached skill level 1 in Fighting
  1584 | D:2      | Noticed Sigmund
  1594 | D:2      | Killed Sigmund
  1594 | D:2      | Reached skill level 4 in Fire Magic
  1594 | D:2      | Reached XP level 5. HP: 36/45 MP: 5/10
  1594 | D:2      | Reached XP level 6. HP: 42/52 MP: 5/11
  1893 | D:2      | Learned a level 4 spell: Sticky Flame
  1984 | D:3      | Noticed Terence
  2001 | D:3      | Killed Terence
  2276 | D:3      | Found a bloodstained altar of Trog.
  2444 | D:3      | Found a glowing silver altar of Zin.
  2741 | D:3      | Noticed Ijyb
  2756 | D:3      | Killed Ijyb
  2978 | D:3      | Reached skill level 1 in Axes
  3195 | D:3      | Reached XP level 7. HP: 56/61 MP: 12/12
  3625 | D:4      | Killed from afar by an orc priest

Vault maps used:
D:1:      onia_arrival_larder, minmay_pentomino_q2
D:2:      nicolae_tso_carved_into_rock, uniq_sigmund, uniq_robin
D:3:      lemuel_crystal_altar, nicolae_overflow_hidden_temple,
          serial_co_window_serial, co_window_corner_a,
          co_window_of_opportunity_a, co_window_paths_a, co_window_paths_a,
          co_window_paths_a, co_window_corner_b, co_window_broadway_c,
          co_window_of_opportunity_b, co_window_broadway_b,
          co_window_broadway_a, co_window_2corner, glass_columns_c,
          glass_columns_a, glass_columns_a, uniq_ijyb, uniq_terence
D:4:      led_xom_imps, lemuel_doored_altar, serial_shops,
          nicolae_shop_statue_plus

Skill      XL: |  1  2  3  4  5  6  7 |
---------------+----------------------+-----
Fighting       | 2 3 |  3.1
Dodging        | 2 |  2.3
Spellcasting   | 3 |  3.9
Conjurations   | 2 3 |  3.0
Fire Magic     | 4 |  4.6
Axes           | 1 |  1.9
Stealth        | |  3.3

Action                   |  1- 3 |  4- 6 |  7- 9 || total
-------------------------+-------+-------+-------++-------
Melee: Unarmed           |    13 |    10 |       ||    23
       War axe           |       |    12 |    29 ||    41
       Hand axe          |       |     8 |       ||     8
 Cast: Flame Tongue      |    43 |    75 |     9 ||   127
 Abil: Spit Poison       |    33 |    37 |     2 ||    72
  Use: Potion            |       |       |     1 ||     1
 Stab: Sleeping          |       |     1 |       ||     1
  Eat: Chunk             |     3 |     8 |     2 ||    13
Armor: Robe              |    16 |    27 |    13 ||    56
Dodge: Dodged            |    14 |    37 |    20 ||    71

Table legend:
 A = Spawn XP
 B = Non-spawn XP
 C = Spawn XP percentage of total XP
 D = Spawn monster count
 E = Non-spawn monster count
 F = Spawn count percentage of total count
 G = Total turns spent on level
                    A         B        C        D         E        F      G
               +---------+---------+-------+---------+---------+-------+---------
         Total |      87 |     742 |  10.5 |      17 |      81 |  17.3 |  3625
               +---------+---------+-------+---------+---------+-------+---------
           D:1 |      12 |      55 |  17.9 |       6 |      28 |  17.6 |  1238
           D:2 |       0 |     306 |   0.0 |       0 |      23 |   0.0 |   746
           D:3 |      75 |     203 |  27.0 |      11 |      24 |  31.4 |  1597
           D:4 |       0 |     178 |   0.0 |       0 |       6 |   0.0 |    44
               +---------+---------+-------+---------+---------+-------+---------
